| TOP OF THE 1ST |
|
Spokane Indians batting - Pitching for Minnesota (NYP) Twins : RHP Dean Huch
|
|
Pitching: RHP Dean Huch
|
|
|
Batting: RHB Joe Kemp
|
0-0: Foul Ball, location: 2F 0-1: Bunt for hit to 5S - play at first, batter OUT! 5-3
|
|
Batting: RHB Brian Morrison
|
0-0: Ball 1-0: Ball 2-0: Ball 3-0: Base on Balls
|
|
Batting: SHB Alvare Bairro
|
0-0: Ball 1-0: Called Strike 1-1: Ball 2-1: Called Strike Brian Morrison steals 2nd base 2-2: Foul Ball, location: 2F 2-2: Ball 3-2: Base on Balls
|
|
Batting: RHB Chance Lamb
|
0-0: Ball 1-0: Ball 2-0: SINGLE (Groundball, 6MS, EV 67.5 MPH) (infield hit) Brian Morrison to third Alvare Bairro to second
|
|
Batting: LHB Willie Calderon
|
0-0: Ball 1-0: Ground out 6-3 (Groundball, 6S, EV 71.9 MPH) Brian Morrison scores Alvare Bairro to third Chance Lamb to second
|
|
Batting: LHB Adrian Chavez
|
0-0: Foul Ball, location: 2F 0-1: Fly out, F8 (Flyball, 8RD, EV 91.9 MPH)
|
| Top of the 1st over - 1 run, 1 hit, 0 errors, 2 left on base; Spokane 1 - Minnesota (NYP) 0 |
| BOTTOM OF THE 1ST |
|
Minnesota (NYP) Twins batting - Pitching for Spokane Indians : LHP Harry Tuckfard
|
|
Pitching: LHP Harry Tuckfard
|
|
|
Batting: LHB Chris Munguia
|
0-0: Ball 1-0: Foul Ball, location: 2F 1-1: Called Strike 1-2: Ball 2-2: Ball 3-2: Foul Ball, location: 2F 3-2: Strikes out swinging
|
|
Batting: RHB David Nardone
|
0-0: Called Strike 0-1: SINGLE (Groundball, 56D, EV 99.4 MPH)
|
|
Batting: RHB Miguel Diaz
|
0-0: Ball 1-0: Called Strike 1-1: Ball 2-1: Fly out, F8 (Line Drive, 8LM, EV 86.9 MPH)
|
|
Batting: RHB Jose Nunez
|
0-0: Called Strike 0-1: Ball 1-1: Called Strike 1-2: DOUBLE (Groundball, 5L, EV 105.6 MPH) David Nardone to third David Nardone scores
|
|
Batting: RHB Michael McDonald
|
0-0: Called Strike 0-1: Swinging Strike 0-2: Strikes out swinging
|
| Bottom of the 1st over - 1 run, 2 hits, 0 errors, 1 left on base; Spokane 1 - Minnesota (NYP) 1 |
| TOP OF THE 2ND |
|
Spokane Indians batting - Pitching for Minnesota (NYP) Twins : RHP Dean Huch
|
|
Batting: RHB Antonio Pacheco
|
0-0: Ball 1-0: Ball 2-0: Called Strike 2-1: Swinging Strike 2-2: Ball 3-2: Base on Balls
|
|
Batting: RHB Alex Vasquez
|
0-0: Called Strike 0-1: Fielders Choice at 2nd, 4-6 (Groundball, 4, EV 89.4 MPH)
|
|
Batting: LHB Akira Yamano
|
0-0: Ball 1-0: Foul Ball, location: 2F 1-1: Called Strike 1-2: Ball 2-2: Foul Ball, location: 2F 2-2: Foul Ball, location: 2F 2-2: Grounds into double play, 3-6-3 (Groundball, 3S, EV 84.4 MPH)
|
| Top of the 2nd over - 0 runs, 0 hits, 0 errors, 0 left on base; Spokane 1 - Minnesota (NYP) 1 |
| BOTTOM OF THE 2ND |
|
Minnesota (NYP) Twins batting - Pitching for Spokane Indians : LHP Harry Tuckfard
|
|
Batting: RHB Graham Calvert
|
0-0: Ball 1-0: Foul Ball, location: 2F 1-1: Ball 2-1: Ball 3-1: Base on Balls
|
|
Batting: RHB Tony Crespo
|
0-0: Called Strike 0-1: Called Strike 0-2: Strikes out swinging
|
|
Batting: LHB Seung-jun Chang
|
0-0: Ball 1-0: Called Strike 1-1: Ground out 5-3 (Groundball, 56S, EV 65.6 MPH) Graham Calvert to second
|
|
Batting: SHB Donell Burney
|
0-0: Ball 1-0: Called Strike 1-1: Fly out, F7 (Flyball, 78M, EV 96.3 MPH)
|
| Bottom of the 2nd over - 0 runs, 0 hits, 0 errors, 1 left on base; Spokane 1 - Minnesota (NYP) 1 |
| TOP OF THE 3RD |
|
Spokane Indians batting - Pitching for Minnesota (NYP) Twins : RHP Dean Huch
|
|
Batting: RHB Joe Kemp
|
0-0: Ball 1-0: Swinging Strike 1-1: Foul Ball, location: 2F 1-2: Ball 2-2: Foul Ball, location: 2F 2-2: Ball 3-2: Foul Ball, location: 2F 3-2: Ground out 6-3 (Groundball, 6, EV 92.5 MPH)
|
|
Batting: RHB Brian Morrison
|
0-0: Called Strike 0-1: Fly out, F8 (Flyball, 89D, EV 78.1 MPH)
|
|
Batting: SHB Alvare Bairro
|
0-0: Ball 1-0: Ball 2-0: Ground out 6-3 (Groundball, 6, EV 91.3 MPH)
|
| Top of the 3rd over - 0 runs, 0 hits, 0 errors, 0 left on base; Spokane 1 - Minnesota (NYP) 1 |
| BOTTOM OF THE 3RD |
|
Minnesota (NYP) Twins batting - Pitching for Spokane Indians : LHP Harry Tuckfard
|
|
Batting: LHB Chris Munguia
|
0-0: Foul Ball, location: 2F 0-1: Ball 1-1: SINGLE (Groundball, 34S, EV 70.6 MPH) (infield hit)
|
|
Batting: RHB David Nardone
|
0-0: Foul Ball, location: 2F 0-1: Reached on error, E8 (Flyball, 78D, EV 100.6 MPH) Chris Munguia to third
|
|
Batting: RHB Miguel Diaz
|
0-0: SINGLE (Flyball, 4D, EV 85.6 MPH) Chris Munguia scores David Nardone to third
|
|
Batting: RHB Jose Nunez
|
0-0: Called Strike 0-1: Swinging Strike 0-2: Ball 1-2: Ball 2-2: Fielders Choice at 2nd, 6-4 (Groundball, 6, EV 92.5 MPH) David Nardone scores
|
|
Batting: RHB Michael McDonald
|
0-0: Ball 1-0: Called Strike 1-1: Swinging Strike 1-2: Foul Ball, location: 2F 1-2: Strikes out looking
|
|
Batting: RHB Graham Calvert
|
0-0: Foul Ball, location: 2F 0-1: Ball Pickoff Throw to First - Out! 1-3
|
| Bottom of the 3rd over - 2 runs, 2 hits, 1 error, 0 left on base; Spokane 1 - Minnesota (NYP) 3 |
| TOP OF THE 4TH |
|
Spokane Indians batting - Pitching for Minnesota (NYP) Twins : RHP Dean Huch
|
|
Batting: RHB Chance Lamb
|
0-0: Called Strike 0-1: SINGLE (Groundball, 56, EV 109.4 MPH) (infield hit)
|
|
Batting: LHB Willie Calderon
|
0-0: Called Strike Chance Lamb steals 2nd base 0-1: Called Strike 0-2: Ball 1-2: Strikes out swinging
|
|
Batting: LHB Adrian Chavez
|
0-0: Ball 1-0: Called Strike Chance Lamb steals 3rd base 1-1: Ball 2-1: Foul Ball, location: 2F 2-2: Ground out 6-3 (Groundball, 4M, EV 81.9 MPH) Chance Lamb scores
|
|
Batting: RHB Antonio Pacheco
|
0-0: Ball 1-0: Foul Ball, location: 2F 1-1: Foul Ball, location: 2F 1-2: Strikes out looking
|
| Top of the 4th over - 1 run, 1 hit, 0 errors, 0 left on base; Spokane 2 - Minnesota (NYP) 3 |
| BOTTOM OF THE 4TH |
|
Minnesota (NYP) Twins batting - Pitching for Spokane Indians : LHP Harry Tuckfard
|
|
Batting: RHB Graham Calvert
|
0-0: Foul Ball, location: 2F 0-1: Ball 1-1: Swinging Strike 1-2: Foul Ball, location: 2F 1-2: Ball 2-2: Ball 3-2: Base on Balls
|
|
Batting: RHB Tony Crespo
|
0-0: Called Strike 0-1: SINGLE (Groundball, 6MD, EV 105.0 MPH) (infield hit) Graham Calvert to second
|
|
Batting: LHB Seung-jun Chang
|
0-0: Ball 1-0: Called Strike 1-1: Fly out, F9 (Line Drive, 9, EV 96.9 MPH)
|
|
Batting: SHB Donell Burney
|
0-0: Called Strike 0-1: Swinging Strike 0-2: Ball 1-2: Foul Ball, location: 2F 1-2: Ball 2-2: SINGLE (Groundball, 56D, EV 103.1 MPH) Graham Calvert to third Tony Crespo to second Runner from 3rd tries for Home, SAFE, throw by LF to home
|
|
Batting: LHB Chris Munguia
|
0-0: Foul Ball, location: 2F 0-1: Ball 1-1: Foul Ball, location: 2F 1-2: Foul Ball, location: 2F 1-2: DOUBLE (Groundball, 3L, EV 103.8 MPH) Tony Crespo scores Donell Burney to third Runner from 3rd tries for Home, SAFE, throw by RF to home
|
|
Pitching: LHP Tim McConnel
|
|
|
Batting: RHB David Nardone
|
0-0: Ball 1-0: Ball 2-0: Ball 3-0: Called Strike 3-1: Foul Ball, location: 2F 3-2: Foul Ball, location: 2F 3-2: Strikes out swinging
|
|
Batting: RHB Miguel Diaz
|
0-0: Called Strike 0-1: Ball 1-1: Foul Ball, location: 2F 1-2: Foul Ball, location: 2F 1-2: Ball 2-2: Ball 3-2: Foul Ball, location: 2F 3-2: Foul Ball, location: 2F 3-2: SINGLE (Groundball, 6MD, EV 95.6 MPH) Chris Munguia to third Runner from 3rd tries for Home, SAFE, throw by CF to home
|
|
Batting: RHB Jose Nunez
|
0-0: Ball 1-0: Ball 2-0: SINGLE (Groundball, 56D, EV 101.3 MPH) Miguel Diaz to second
|
|
Batting: RHB Michael McDonald
|
0-0: Ball 1-0: Ball 2-0: DOUBLE (Line Drive, 89D, EV 97.5 MPH) Miguel Diaz scores Jose Nunez to third Runner from 3rd tries for Home, SAFE, throw by CF to home
|
|
Batting: RHB Graham Calvert
|
0-0: Called Strike 0-1: Ball 1-1: Foul Ball, location: 2F 1-2: Foul Ball, location: 2F 1-2: Foul Ball, location: 2F 1-2: Ball 2-2: Ball 3-2: Strikes out swinging
|
| Bottom of the 4th over - 6 runs, 6 hits, 0 errors, 1 left on base; Spokane 2 - Minnesota (NYP) 9 |
| TOP OF THE 5TH |
|
Spokane Indians batting - Pitching for Minnesota (NYP) Twins : RHP Dean Huch
|
|
Batting: RHB Alex Vasquez
|
0-0: Ball 1-0: Called Strike 1-1: Foul Ball, location: 2F 1-2: Strikes out swinging
|
|
Batting: LHB Akira Yamano
|
0-0: Ball 1-0: Reached on error, E5 (Groundball, 56, EV 78.8 MPH)
|
|
Batting: RHB Joe Kemp
|
0-0: Fly out, F5 (Line Drive, 5, EV 62.5 MPH)
|
|
Batting: RHB Brian Morrison
|
0-0: Foul Ball, location: 2F 0-1: Called Strike 0-2: Ball 1-2: Ball 2-2: Foul Ball, location: 2F 2-2: Ball 3-2: SINGLE (Groundball, 56S, EV 72.5 MPH) (infield hit) Akira Yamano to second
|
|
Batting: SHB Alvare Bairro
|
0-0: Foul Ball, location: 2F 0-1: Ball 1-1: Swinging Strike 1-2: SINGLE (Line Drive, 78S, EV 86.3 MPH) Akira Yamano to third Brian Morrison to second
|
|
Batting: RHB Chance Lamb
|
0-0: Ball 1-0: Fly out, F9 (Flyball, 9S, EV 87.5 MPH)
|
| Top of the 5th over - 0 runs, 2 hits, 1 error, 3 left on base; Spokane 2 - Minnesota (NYP) 9 |
| BOTTOM OF THE 5TH |
|
Minnesota (NYP) Twins batting - Pitching for Spokane Indians : LHP Tim McConnel
|
|
Batting: RHB Tony Crespo
|
0-0: Ball 1-0: Ball 2-0: Called Strike 2-1: Swinging Strike 2-2: Foul Ball, location: 2F 2-2: Strikes out looking
|
|
Batting: LHB Seung-jun Chang
|
0-0: Ball 1-0: Ball 2-0: Ball 3-0: Called Strike 3-1: Base on Balls
|
|
Batting: SHB Donell Burney
|
0-0: Ball 1-0: Ground out 6-3 (Groundball, P, EV 86.3 MPH) Seung-jun Chang to second
|
|
Batting: LHB Chris Munguia
|
0-0: Ground out U3 (Groundball, 3, EV 109.4 MPH)
|
| Bottom of the 5th over - 0 runs, 0 hits, 0 errors, 1 left on base; Spokane 2 - Minnesota (NYP) 9 |
| TOP OF THE 6TH |
|
Spokane Indians batting - Pitching for Minnesota (NYP) Twins : RHP Dean Huch
|
|
Batting: LHB Willie Calderon
|
0-0: Ball 1-0: Called Strike 1-1: SOLO HOME RUN (Flyball, 7D, EV 103.1 MPH), Distance : 384 ft
|
|
Batting: LHB Adrian Chavez
|
0-0: Fly out, F7 (Flyball, 7, EV 86.9 MPH)
|
|
Batting: RHB Antonio Pacheco
|
0-0: Ball 1-0: Ball 2-0: Foul Ball, location: 2F 2-1: Ball 3-1: Foul Ball, location: 2F 3-2: Base on Balls
|
|
Batting: RHB Alex Vasquez
|
0-0: Ball Antonio Pacheco steals 2nd base (no throw) 1-0: DOUBLE (Flyball, 8LXD, EV 108.1 MPH) Antonio Pacheco scores
|
|
Batting: LHB Akira Yamano
|
0-0: Ground out 4-3 (Groundball, 4, EV 100.6 MPH) Alex Vasquez to third
|
|
Pitching: RHP Kevin Colgin
|
|
|
Batting: RHB Joe Kemp
|
0-0: Called Strike Balk! Alex Vasquez scores 0-1: Swinging Strike 0-2: Ball 1-2: SINGLE (Groundball, P, EV 88.8 MPH) (infield hit)
|
|
Batting: RHB Brian Morrison
|
0-0: Ball 1-0: Called Strike Joe Kemp steals 2nd base 1-1: Ground out 6-3 (Groundball, 6, EV 107.5 MPH)
|
| Top of the 6th over - 3 runs, 3 hits, 0 errors, 1 left on base; Spokane 5 - Minnesota (NYP) 9 |
| BOTTOM OF THE 6TH |
|
Minnesota (NYP) Twins batting - Pitching for Spokane Indians : LHP Tim McConnel
|
|
Batting: RHB David Nardone
|
0-0: Ball 1-0: Ball 2-0: Foul Ball, location: 2F 2-1: Foul Ball, location: 2F 2-2: Strikes out looking
|
|
Batting: RHB Miguel Diaz
|
0-0: Ball 1-0: Called Strike 1-1: SINGLE (Flyball, 3D, EV 85.0 MPH)
|
|
Batting: RHB Jose Nunez
|
0-0: Ball 1-0: Called Strike 1-1: Foul Ball, location: 2F 1-2: Ball 2-2: SINGLE (Line Drive, 56, EV 101.9 MPH) Miguel Diaz to second
|
|
Batting: RHB Michael McDonald
|
0-0: Called Strike 0-1: Called Strike 0-2: Strikes out swinging
|
|
Batting: RHB Graham Calvert
|
0-0: Called Strike 0-1: Ball 1-1: DOUBLE (Line Drive, 89M, EV 98.8 MPH) Miguel Diaz scores Jose Nunez to third
|
|
Pitching: RHP Steven Costanza
|
|
|
Batting: RHB Tony Crespo
|
0-0: Ball 1-0: Ball 2-0: Called Strike 2-1: Ball 3-1: Foul Ball, location: 2F 3-2: Foul Ball, location: 2F 3-2: Strikes out swinging
|
| Bottom of the 6th over - 1 run, 3 hits, 0 errors, 2 left on base; Spokane 5 - Minnesota (NYP) 10 |
| TOP OF THE 7TH |
|
Spokane Indians batting - Pitching for Minnesota (NYP) Twins : RHP Kevin Colgin
|
|
Batting: SHB Alvare Bairro
|
0-0: Ball 1-0: Called Strike 1-1: Ball 2-1: Swinging Strike 2-2: SINGLE (Groundball, 56D, EV 97.5 MPH)
|
|
Batting: RHB Chance Lamb
|
0-0: Ground out 4-3 (Groundball, 34, EV 104.4 MPH) Alvare Bairro to second
|
|
Batting: LHB Willie Calderon
|
0-0: Ball Alvare Bairro steals 3rd base 1-0: Called Strike 1-1: SINGLE (Line Drive, 4MD, EV 102.5 MPH) Alvare Bairro scores
|
|
Batting: LHB Adrian Chavez
|
0-0: Ball 1-0: Ball 2-0: Ball 3-0: Called Strike 3-1: Fly out, F5 (Flyball, 56D, EV 85.0 MPH)
|
|
Pinch Hitting: LHB Mike Sloan
|
0-0: Ball 1-0: Called Strike Willie Calderon steals 2nd base 1-1: Ball 2-1: Ball 3-1: Called Strike 3-2: Base on Balls
|
|
Batting: RHB Alex Vasquez
|
0-0: Ball 1-0: 3-RUN HOME RUN (Flyball, 78XD, EV 115.6 MPH), Distance : 446 ft
|
|
Pitching: RHP Matt Lundy
|
|
|
Batting: LHB Akira Yamano
|
0-0: Called Strike 0-1: Ball 1-1: Ball 2-1: Foul Ball, location: 2F 2-2: Foul Ball, location: 2F 2-2: Foul Ball, location: 2F 2-2: Ball 3-2: DOUBLE (Groundball, 3L, EV 110.0 MPH)
|
|
Batting: RHB Joe Kemp
|
0-0: Called Strike 0-1: Called Strike 0-2: Ball 1-2: Ball 2-2: Ball 3-2: Foul Ball, location: 2F 3-2: Base on Balls
|
|
Pinch Runner at 2nd Roberto Monzon:
|
|
|
Batting: LHB William Hanley
|
0-0: Ball 1-0: Ball 2-0: Ground out 4-3 (Groundball, 4, EV 98.8 MPH)
|
| Top of the 7th over - 4 runs, 4 hits, 0 errors, 2 left on base; Spokane 9 - Minnesota (NYP) 10 |
| BOTTOM OF THE 7TH |
|
Minnesota (NYP) Twins batting - Pitching for Spokane Indians : RHP Steven Costanza
|
|
Now at 2B: Roberto Monzon
|
|
|
Now at SS: Chance Lamb
|
|
|
Now in LF: Mike Trujillo
|
|
|
Batting: LHB Seung-jun Chang
|
0-0: Swinging Strike 0-1: Ball 1-1: Ground out 5-3 (Groundball, 56, EV 84.4 MPH)
|
|
Batting: SHB Donell Burney
|
0-0: Swinging Strike 0-1: Swinging Strike 0-2: Strikes out looking
|
|
Batting: LHB Chris Munguia
|
0-0: Swinging Strike 0-1: Ball 1-1: Ball 2-1: Ball 3-1: Foul Ball, location: 2F 3-2: Foul Ball, location: 2F 3-2: Foul Ball, location: 2F 3-2: Ground out U3 (Groundball, 3L, EV 88.8 MPH)
|
| Bottom of the 7th over - 0 runs, 0 hits, 0 errors, 0 left on base; Spokane 9 - Minnesota (NYP) 10 |
| TOP OF THE 8TH |
|
Spokane Indians batting - Pitching for Minnesota (NYP) Twins : RHP Matt Lundy
|
|
Batting: SHB Alvare Bairro
|
0-0: Called Strike 0-1: Foul Ball, location: 2F 0-2: SINGLE (Line Drive, 7LM, EV 103.1 MPH)
|
|
Pinch Hitting: LHB Francisco Leiva
|
0-0: Ball Alvare Bairro steals 2nd, throwing error, E2 Alvare Bairro to third 1-0: Ball 2-0: Ball 3-0: Called Strike 3-1: Base on Balls
|
|
Batting: LHB Willie Calderon
|
0-0: Called Strike 0-1: Ball 1-1: Ball 2-1: Ball 3-1: Base on Balls Francisco Leiva to second
|
|
Batting: LHB Adrian Chavez
|
0-0: Called Strike 0-1: Ball 1-1: Grounds into fielders choice 4-2 (Groundball, 4S, EV 71.3 MPH) Francisco Leiva to third Willie Calderon to second
|
|
Batting: RHB Mike Trujillo
|
0-0: Ball 1-0: Called Strike 1-1: Called Strike 1-2: DOUBLE (Line Drive, 8LXD, EV 99.4 MPH) Francisco Leiva scores Willie Calderon scores Adrian Chavez to third
|
|
Batting: RHB Alex Vasquez
|
0-0: Ball 1-0: Ball 2-0: Ball 3-0: Base on Balls
|
|
Pinch Hitting: LHB Tony Sosa
|
0-0: Foul Ball, location: 2F 0-1: SINGLE (Groundball, 34D, EV 96.3 MPH) Adrian Chavez scores Mike Trujillo to third Alex Vasquez to second Runner from 3rd tries for Home, SAFE, throw by RF to home
|
|
Batting: RHB Joe Kemp
|
0-0: Ball 1-0: SINGLE (Line Drive, 78S, EV 112.5 MPH) Alex Vasquez to third Tony Sosa to second
|
|
Batting: LHB William Hanley
|
0-0: Ball 1-0: Foul Ball, location: 2F 1-1: Fly out, F4 (Popup, 13S, EV 90.0 MPH)
|
|
Batting: SHB Alvare Bairro
|
0-0: Foul Ball, location: 2F 0-1: Called Strike 0-2: Hit by Pitch Alex Vasquez scores Tony Sosa to third Joe Kemp to second
|
|
Batting: LHB Francisco Leiva
|
0-0: Foul Ball, location: 2F 0-1: Ball 1-1: SINGLE (Groundball, 6, EV 103.1 MPH) Tony Sosa scores Joe Kemp to third Alvare Bairro to second Runner from 3rd tries for Home, SAFE, throw by LF to home
|
|
Batting: LHB Willie Calderon
|
0-0: Ball 1-0: Ball 2-0: Called Strike 2-1: Ball 3-1: Base on Balls Alvare Bairro to third Francisco Leiva to second
|
|
Batting: LHB Adrian Chavez
|
0-0: Foul Ball, location: 2F 0-1: Called Strike 0-2: Ball 1-2: Foul Ball, location: 2F 1-2: Ball 2-2: Foul Ball, location: 2F 2-2: Ball 3-2: SINGLE (Groundball, 25, EV 60.0 MPH) (infield hit) Alvare Bairro scores Francisco Leiva to third Willie Calderon to second
|
|
Pitching: LHP Mike Horton
|
|
|
Pinch Hitting: LHB Jonathan McDaniel
|
0-0: Ball 1-0: Ball 2-0: SINGLE (Groundball, 56D, EV 105.6 MPH) Francisco Leiva scores Willie Calderon to third Adrian Chavez to second
|
|
Pinch Hitting: RHB Jose Marquez
|
0-0: Called Strike 0-1: Ground out 6-3 (Groundball, 56, EV 100.6 MPH)
|
| Top of the 8th over - 9 runs, 7 hits, 1 error, 3 left on base; Spokane 18 - Minnesota (NYP) 10 |
| BOTTOM OF THE 8TH |
|
Minnesota (NYP) Twins batting - Pitching for Spokane Indians : RHP Steven Costanza
|
|
Now at 1B: Roger Renteria
|
|
|
Now at 2B: Jerry Garcez
|
|
|
Now at 3B: Adrian Chavez
|
|
|
Now at SS: Jose Marquez
|
|
|
Now in LF: Jonathan McDaniel
|
|
|
Pinch Hitting: RHB Gustavo Pacheco
|
0-0: Called Strike 0-1: Ball 1-1: Called Strike 1-2: Strikes out swinging
|
|
Pinch Hitting: RHB Abdul-Qahhar Wasim
|
0-0: Ball 1-0: Ball 2-0: Ground out U3 (Groundball, 13, EV 88.1 MPH)
|
|
Pinch Hitting: RHB Manuel Juarez
|
0-0: Foul Ball, location: 2F 0-1: Foul Ball, location: 2F 0-2: Ball 1-2: Ball 2-2: Ball 3-2: Strikes out looking
|
| Bottom of the 8th over - 0 runs, 0 hits, 0 errors, 0 left on base; Spokane 18 - Minnesota (NYP) 10 |
| TOP OF THE 9TH |
|
Spokane Indians batting - Pitching for Minnesota (NYP) Twins : LHP Mike Horton
|
|
Now at 1B: Abdul-Qahhar Wasim
|
|
|
Now at 3B: Alex Loaiza
|
|
|
Now in LF: Gustavo Pacheco
|
|
|
Pinch Hitting: LHB Takeo Nishiguchi
|
0-0: Ball 1-0: Called Strike 1-1: Ground out 6-3 (Groundball, 4M, EV 103.8 MPH)
|
|
Pinch Hitting: RHB Shadi Njoka
|
0-0: Ball 1-0: Ground out 5-3 (Groundball, 56, EV 101.3 MPH)
|
|
Batting: LHB William Hanley
|
0-0: Swinging Strike 0-1: Ball 1-1: Ball 2-1: Ball 3-1: Swinging Strike 3-2: Fly out, F4 (Line Drive, 4, EV 71.9 MPH)
|
| Top of the 9th over - 0 runs, 0 hits, 0 errors, 0 left on base; Spokane 18 - Minnesota (NYP) 10 |
| BOTTOM OF THE 9TH |
|
Minnesota (NYP) Twins batting - Pitching for Spokane Indians : RHP Steven Costanza
|
|
Now at 1B: Adrian Chavez
|
|
|
Now at 3B: Takeo Nishiguchi
|
|
|
Now in CF: Shadi Njoka
|
|
|
Pinch Hitting: RHB Mario Salazar
|
0-0: Called Strike 0-1: Swinging Strike 0-2: Ball 1-2: Strikes out swinging, 2-3 out at first.
|
|
Batting: RHB Graham Calvert
|
0-0: Called Strike 0-1: Ball 1-1: Foul Ball, location: 2F 1-2: Reached on error, E3 (Groundball, 3S, EV 81.9 MPH)
|
|
Pinch Hitting: LHB Brian Zick
|
0-0: Ball 1-0: Swinging Strike 1-1: Called Strike 1-2: Ball 2-2: Strikes out swinging
|
|
Pinch Hitting: RHB Ben Berger
|
0-0: Foul Ball, location: 2F 0-1: Swinging Strike 0-2: Ground out 1-3 (Groundball, P, EV 73.1 MPH)
|
| Bottom of the 9th over - 0 runs, 0 hits, 1 error, 1 left on base; Spokane 18 - Minnesota (NYP) 10 |
|